 Dungeon Crawl Stone Soup version 0.31.0-4-g52a2dc7128 (webtiles) character file.

Game seed: 10035105957982359196

2629 BeingJoeMalik the Spear-Bearer (level 9, -1/75 HPs)
             Began as a Naga Fighter on Jan 22, 2024.
             Was a High Priest of Ignis.
             Slain by Erica
             ... wielding a +4 scimitar of flaming
              (3 damage)
             ... on level 8 of the Dungeon.
             The game lasted 00:18:22 (7627 turns).

BeingJoeMalik the Spear-Bearer (Naga Fighter)       Turns: 7627, Time: 00:18:22

Health: -1/75      AC: 11    Str: 19    XL:     9   Next: 61%
Magic:  3/3        EV:  8    Int:  9    God:    Ignis [*****.]
Gold:   371        SH:  0    Dex: 14    Spells: 6/8 levels left

rFire   + . .        t - +1 halberd (antimagic)
rCold   . . .        (shield currently unavailable)
rNeg    + . .        n - +4 ring mail
rPois   +            (helmet restricted)
rElec   .            (no cloak)
rCorr   .            b - +0 pair of gloves
SInv    +            (no barding)
Will    +....        (no amulet)
Stlth   +            i - ring of positive energy
HPRegen 0.32/turn    (no ring)
MPRegen 0.08/turn

%: no passive effects
@: short of breath, very slow
A: AC +3, large, see invisible, deformed body, poison resistance, slowness 2,
spit poison 1, naga tail 1, horns 1
a: Spit Poison, Renounce Religion, Fiery Armour, Foxfire Swarm, Rising Flame


You were on level 8 of the Dungeon.
You worshipped Ignis.
Ignis was extremely pleased with you.
You visited 1 branch of the dungeon, and saw 8 of its levels.

You collected 426 gold pieces.
You spent 55 gold pieces at shops.

Inventory:

Hand Weapons
 a - a +0 trident
 l - a +2 spear of flaming
 t - a +1 antimagic halberd (weapon)
Armour
 b - a +0 pair of gloves (worn)
 c - a +0 buckler
 j - the +0 helmet "Duitupt" {rPois Will+}
   (You found it on level 5 of the Dungeon)

   rPois:     It protects you from poison Will+: It increases your willpower.
 n - a +4 ring mail (worn)
 w - a +0 leather armour of cold resistance
Jewellery
 i - a ring of positive energy (left hand)
Wands
 e - a wand of polymorph (5)
Scrolls
 d - a scroll of noise
 f - a scroll of fog
 k - 4 scrolls of vulnerability
 o - 3 scrolls of identify
 p - a scroll of silence {unknown}
 q - a scroll of poison {unknown}
 s - a scroll of revelation {unknown}
 u - a scroll of fear {unknown}
 y - 2 scrolls of teleportation
 z - a scroll of immolation {unknown}
Potions
 g - 4 potions of curing
 m - 2 potions of enlightenment
 r - a potion of ambrosia
 v - a potion of cancellation
 x - a potion of brilliance {unknown}


   Skills:
 - Level 3.0 Fighting
 + Level 12.8 Polearms
 - Level 2.4 Armour
 - Level 2.6 Shields


You had 6 spell levels left.
You knew the following spells:

 Your Spells              Type           Power      Damage    Failure   Level
a - Sting                 Conj/Alch      0%         1d3       56%         1
b - Necrotise             Necr           0%         1d4       56%         1

Your spell library contained the following spells:

 Spells                   Type           Power      Damage    Failure   Level
 Kiss of Death            Conj/Necr      0%         2d5       56%         1
 Sandblast                Erth           0%         2d4       56%         1
 Mercury Vapours          Alch/Air       0%         N/A       71%         2
 Confusing Touch          Hex            0%         N/A       90%         3
 Passwall                 Erth           0%         N/A       90%         3
 Stone Arrow              Conj/Erth      0%         3d7       90%         3
 Vampiric Draining        Necr           0%         2d6       90%         3
 Brom's Barrelling Bould  Conj/Erth      0%         2d3       100%        4
 Dispel Undead            Necr           0%         3d6       100%        4
 Martyr's Knell           Necr/Summ      0%         N/A       100%        4
 Olgreb's Toxic Radiance  Alch           0%         N/A       100%        4
 Curse of Agony           Necr           0%         N/A       100%        5


Dungeon Overview and Level Annotations

Branches:
Dungeon (8/15)             Temple (0/1) D:4
   Lair: D:8-11

Altars:
Elyvilon
Fedhas
Hepliaklqana
Kikubaaqudgha
Makhleb
Okawaru
Vehumet
Xom
Ignis

Shops:
D:2 =   D:3 (   D:5 !

Annotations:
D:4 3 runed translucent doors, Esekla's ghost, amateur DEWr
D:6 3 runed translucent doors, DeathSocks's ghost, amateur OnAE; Duvessa
D:8 Erica


Innate Abilities, Weirdness & Mutations

Your serpentine skin is tough. (AC +3)
You have supernaturally acute eyesight. (SInv)
Armour fits poorly on your strangely shaped body.
Your system is resistant to poisons. (rPois)
You cover ground very slowly.
You can spit poison.
You have a snake-like lower body.
You have a pair of small horns on your head.


Message History

You barely miss Erica.
Erica is heavily wounded.
You have got your breath back.
Erica hits you with a +4 scimitar of flaming!
* * * LOW HITPOINT WARNING * * *
Erica burns you.
* * * LOW HITPOINT WARNING * * *
You feel much better.
Erica hits you with a +4 scimitar of flaming!
* * * LOW HITPOINT WARNING * * *
Erica burns you.
* * * LOW HITPOINT WARNING * * *
Unknown command.
Aiming: Spit Poison (1% risk of failure)
Press: ? - help, Q - select action, (/) - cycle Shift-Dir - straight line, f/p - Erica
Aim: Erica, wielding a +4 scimitar of flaming and wearing an amulet of faith (heavily wounded, slightly transparent, poisoned, magic disrupted, 47% to hit)
The splash of poison hits Erica.
Erica is severely wounded.
Erica looks more healthy.
Erica hits you with a +4 scimitar of flaming.
* * * LOW HITPOINT WARNING * * *
Erica burns you.
* * * LOW HITPOINT WARNING * * *
Unknown command.
Unknown command.
Okay, then.
Unknown command.
Okay, then.
Unknown command.
You slash Erica!
Erica's magic leaks into the air.
Erica is almost dead.
Erica hits you with a +4 scimitar of flaming.
* * * LOW HITPOINT WARNING * * *
Unknown command.
Unknown command.
You closely miss Erica.
Erica is almost dead.
Erica hits you with a +4 scimitar of flaming.
You die...
Erica begins burbling mirthfully and uncontrollably.

...............
...............
...............
...............
##..............
#.......<.......
#...............
#...............
#!@x.......#....
#..........# ###
##........##
##......##
########


You could see Erica (invisible, magic disrupted).

Vanquished Creatures
  Joseph (D:7)
  Grinder (D:6)
  Eustachio (D:4)
  An acid dragon (D:6)
  An orc warrior (D:6)
  An ice beast (D:6)
  2 sky beasts (D:7)
  A black bear (D:7)
  2 phantoms
  2 bullfrogs (D:7)
  4 scorpions
  A burial acolyte (D:5)
  Dowan (D:6)
  2 jellies (D:6)
  2 hounds (D:5)
  An orc priest (D:6)
  A gnoll bouda (D:5)
  A sleepcap (D:6)
  Jessica (D:2)
  6 orc wizards
  Natasha (thrice) (D:2)
  4 iguanas
  2 hound zombies (D:5)
  7 gnolls
  4 adders
  2 shadow imps (D:5)
  An adder zombie (D:5)
  A dart slug (D:1)
  3 ribbon worms
  22 orcs
  3 bats
  5 endoplasms
  4 giant cockroaches
  11 goblins
  4 hobgoblins
  8 jackals (D:1)
  5 kobolds
  5 quokkas
  4 ball pythons
  4 kobold zombies (D:5)
  7 rats
142 creatures vanquished.

Notes
Turn   | Place    | Note
-------+----------+-------------------------------------------
     0 | D:1      | BeingJoeMalik the Naga Fighter began the quest for the Orb.
     0 | D:1      | Reached XP level 1. HP: 21/21 MP: 1/1
   174 | D:1      | Reached XP level 2. HP: 28/28 MP: 2/2
   334 | D:1      | Reached skill level 3 in Polearms
   481 | D:1      | Reached XP level 3. HP: 30/34 MP: 3/3
   859 | D:2      | Noticed Natasha
   866 | D:2      | Killed Natasha
   867 | D:2      | Reached skill level 4 in Polearms
   867 | D:2      | Reached XP level 4. HP: 39/42 MP: 4/4
   905 | D:2      | Found Zytsash's Jewellery Shoppe.
   932 | D:2      | Found a faded altar of an unknown god.
   941 | D:2      | Prayed at the altar of an unknown god.
   941 | D:2      | Became a worshipper of Ignis, the Dying Flame
  1027 | D:2      | Noticed Natasha
  1036 | D:2      | Killed Natasha
  1167 | D:2      | Noticed Jessica
  1176 | D:2      | Killed Jessica
  1177 | D:2      | Reached skill level 5 in Polearms
  1177 | D:2      | Reached XP level 5. HP: 49/49 MP: 5/5
  1240 | D:2      | Noticed Natasha
  1255 | D:2      | Killed Natasha
  1395 | D:2      | Learned a level 1 spell: Sting
  1736 | D:3      | Found an iron altar of Okawaru.
  1736 | D:3      | Found a radiant altar of Vehumet.
  1961 | D:3      | Reached skill level 6 in Polearms
  1962 | D:3      | Reached XP level 6. HP: 47/56 MP: 6/6
  2172 | D:3      | Found Laf Ycu's Weapon Shoppe.
  2273 | D:3      | Found a blossoming altar of Fedhas.
  2473 | D:3      | Found a faded altar of an unknown god.
  2474 | D:3      | Found a faded altar of an unknown god.
  2476 | D:3      | Found a hazy altar of Hepliaklqana.
  2858 | D:4      | Reached skill level 7 in Polearms
  2904 | D:4      | Found a runed translucent gate.
  2906 | D:4      | Found a runed translucent gate.
  3003 | D:4      | Learned a level 1 spell: Necrotise
  3049 | D:4      | Found a staircase to the Ecumenical Temple.
  3118 | D:4      | Noticed Eustachio
  3162 | D:4      | Killed Eustachio
  3163 | D:4      | Reached XP level 7. HP: 40/62 MP: 7/7
  3297 | D:4      | Found a runed translucent gate.
  3298 | D:4      | Noticed Esekla's ghost (amateur DEWr)
  3551 | D:5      | Entered Level 5 of the Dungeon
  3636 | D:5      | Found Jouseill's Distillery.
  3645 | D:5      | Reached skill level 8 in Polearms
  3672 | D:5      | Bought a potion of heal wounds for 55 gold pieces
  3732 | D:5      | Gained mutation: You have a pair of small horns on your
                  | head. [potion of mutation]
  3797 | D:5      | Identified the +0 helmet "Duitupt" {rPois Will+}
  3852 | D:5      | Found a burning altar of Makhleb.
  4027 | D:5      | Found a white marble altar of Elyvilon.
  4247 | D:6      | Reached skill level 9 in Polearms
  4444 | D:6      | Reached XP level 8. HP: 69/69 MP: 2/8
  4694 | D:6      | Noticed Grinder
  4709 | D:6      | Killed Grinder
  4830 | D:6      | Reached skill level 10 in Polearms
  5282 | D:6      | Found a runed translucent gate.
  5282 | D:6      | Noticed DeathSocks's ghost (amateur OnAE)
  5283 | D:6      | Noticed Dowan
  5283 | D:6      | Noticed Duvessa
  5296 | D:6      | Killed Dowan
  5436 | D:6      | Identified the +7 morningstar "Beowk" {protect, rPois rF-
                  | rN+++ Dex-2}
  5661 | D:6      | Found a runed translucent gate.
  5662 | D:6      | Found a runed translucent gate.
  5726 | D:5      | Reached skill level 11 in Polearms
  5758 | D:5      | Found an ancient bone altar of Kikubaaqudgha.
  5980 | D:5      | Reached XP level 9. HP: 55/75 MP: 3/9
  6570 | D:7      | Found a shimmering altar of Xom.
  6936 | D:7      | Noticed Joseph
  6965 | D:7      | Killed Joseph
  6966 | D:7      | Reached skill level 12 in Polearms
  7566 | D:8      | Noticed Erica
  7625 | D:8      | HP: 3/75 [Erica/+4 scimitar of flaming (6)]
  7627 | D:8      | Slain by Erica

Illustrated notes

Levels and vault maps discovered:
D:1:      dpeg_arrival_boxorama, layout_basic
D:2:      layout_basic, serial_corexii_hall, corexii_hall_statues_x,
          corexii_hall_statues_i, dreamdust_ecumenical_altar_grove,
          serial_shops, nicolae_lakefront_shop, uniq_natasha, uniq_jessica
D:3:      layout_basic, nicolae_hepliaklqana_ecumenical_no_more,
          nicolae_overflow_two_pavilions, fedhas_ov_isle_minmay, serial_shops,
          nicolae_shop_tiny_waterfront
D:4:      layout_loops_ring, minmay_temple_entry_fiery,
          ebering_ghost_rock_garden, nrook_mini_backslash, uniq_eustachio
D:5:      layout_basic, nicolae_overflow_hidden_temple,
          mainiacjoe_overflow_paths, regret_index_kikubaaqudgha_part_by_part,
          serial_shops, shop
D:6:      layout_loops_corners, biasface_ghost_orc_armoury, grunt_ministairs_12,
          nicolae_eternal_life, hangedman_abyss_or_decor_passed,
          dk_rats_in_the_wall, uniq_grinder, uniq_duvessa
D:7:      layout_basic, mainiacjoe_overflow_cross_hatched, uniq_joseph
D:8:      gammafunk_the_bubble [the_bubble_gammafunk_crates], layout_rooms,
          zin_angel, uniq_erica

Skill      XL: |  1  2  3  4  5  6  7  8  9 |
---------------+----------------------------+-----
Polearms       | 3 4 5 6 7 9 11 12 | 12.8
Fighting       | |  3.0
Armour         | |  2.4
Shields        | |  2.6

Action                     |  1- 3 |  4- 6 |  7- 9 || total
---------------------------+-------+-------+-------++-------
  Melee: Trident           |    56 |    67 |       ||   123
         Spear             |       |   116 |    67 ||   183
         Headbutt          |       |       |    39 ||    39
         Halberd           |       |       |   221 ||   221
   Cast: Sting             |       |       |     2 ||     2
Ability: Spit Poison       |    20 |    28 |    22 ||    70
    Use: Potion            |       |     2 |     6 ||     8
         Scroll            |       |     8 |     4 ||    12
 Armour: Scale mail        |    40 |    89 |       ||   129
         Ring mail         |       |    59 |   177 ||   236
         Skin              |       |       |     8 ||     8
  Dodge: Dodged            |    22 |    62 |    64 ||   148
  Block: Buckler           |    13 |    33 |     8 ||    54
